Map: Rozkwit ER

Players

Shootokill - Winner!

  • Race: Terran Terran
  • Spawn Location: 6:00

Legol - Winner!

  • Race: Protoss Protoss
  • League: Gold
  • Spawn Location: 9:00

Akuzatif

  • Race: Zerg Zerg
  • League: Platinum
  • Spawn Location: 12:00

Slam

  • Race: Protoss Protoss
  • Spawn Location: 3:00

VOD

Have the link to the VOD?

Description

Time

  • Played on: Jan. 1, 2020, 3:40 p.m.
  • Length: 15:07
Show
View Real Time Build Order
Export as new Build Order

Shootokill Terran - Winner!

Build Orders:  

Get SALT Encoding   

  12  0:01  SCV  
  13  0:13  SCV  
  14  0:22  Supply Depot  
  14  0:25  SCV  
  15  0:45  Barracks  
  15  0:47  Barracks  
  15  0:53  Refinery  
  16  0:57  SCV  
  16  1:10  SCV, Supply Depot  
  17  1:22  SCV  
  18  1:34  Barracks  
  18  1:43  Barracks Reactor  
  18  1:44  SCV  
  19  1:48  Barracks Tech Lab  
  19  1:56  SCV  
  20  2:03  Supply Depot  
  20  2:09  Marauder  
  20  2:14  SCV  
  23  2:19  Marine  
  23  2:20  Marine  
  25  2:23  Barracks Reactor  
  25  2:30  Marauder  
  27  2:39  Marine x2  
  29  2:49  Supply Depot  
  29  2:52  Marauder  
  29  2:54  Concussive Shells  
  29  2:58  Marine x2  
  33  3:01  Marine  
  34  3:06  Marine  
  35  3:16  Marauder  
  35  3:18  Marine x2  
  39  3:21  Marine  
  40  3:38  Marauder  
  42  3:43  Marine x2  
  42  3:44  Marine x2  
  46  3:50  Combat Shield  
  46  4:04  Supply Depot  
  46  4:18  Engineering Bay, SCV  
  21  5:37  Marauder  
  21  5:38  Marine x2  
  21  5:39  Marine x2  
  27  5:45  SCV  
  27  5:49  Terran Infantry Armor Level 1  
  28  5:51  Command Center  
  28  5:52  Refinery  
  28  5:57  SCV, Marine x2  
  28  5:59  Marauder  
  33  6:05  Marine  
  33  6:06  Marine  
  35  6:14  Stimpack  
  29  6:38  Marauder, Marine x2  
  29  6:39  Marine x2  
  28  6:59  Marauder  
  29  7:03  Marine x2  
  29  7:04  Marine x2  
  29  7:07  Planetary Fortress  
  28  7:21  Marauder, Marine x2  
  28  7:22  Marine x2  
  34  7:24  Supply Depot  
  33  7:39  Marine x2  
  33  7:40  Marine x2  
  33  7:42  Marauder  
  39  7:44  Planetary Fortress  
  39  8:03  SCV  
  40  8:15  SCV  
  41  8:20  SCV  
  42  8:27  SCV  
  42  8:33  SCV  
  44  8:39  SCV  
  45  8:44  Marine x2  
  45  8:45  SCV  
  45  8:48  Marauder  
  50  8:49  Marine x2  
  50  8:51  SCV  
  53  8:57  SCV  
  54  9:04  Factory  
  54  9:06  Missile Turret  
  54  9:09  SCV  
  55  9:12  Marauder  
  57  9:21  SCV  
  57  9:22  Marine x2  
  60  9:24  Marine x2  
  62  9:33  SCV  
  57  10:15  Widow Mine  
  56  10:22  Missile Turret  
  56  10:24  Missile Turret  
  56  10:26  Supply Depot  
  56  10:28  Missile Turret  
  52  10:53  Supply Depot  
  52  10:56  Supply Depot  
  51  11:14  Factory  
  51  11:19  Refinery  
  51  11:24  Supply Depot  
  51  11:28  Supply Depot  
  51  11:41  Barracks Tech Lab  
  50  11:58  Refinery  
  50  12:02  Engineering Bay  
  50  12:19  Supply Depot  
  50  12:23  Factory Tech Lab  
  49  12:32  Barracks Reactor  
  49  12:34  Barracks Tech Lab  
  49  12:38  Missile Turret  
  40  13:08  Siege Tank  
  40  13:09  Marauder  
  42  13:28  Marauder, Marine x2  
  42  13:33  Starport  
  46  13:48  Siege Tank  
  49  13:57  Supply Depot  
  49  14:06  Marauder  
  50  14:10  Marine x2  
  50  14:12  Marauder  
  54  14:32  Marine x2  
  54  14:33  Marauder  
  54  14:38  Marauder  
  60  14:41  Starport Tech Lab  
  60  14:43  Supply Depot  
  60  14:44  Supply Depot  
  63  14:48  Command Center  
Show
View Real Time Build Order
Export as new Build Order

Legol Protoss - Winner!

Build Orders: Blink Stalkers 

Get SALT Encoding   

  12  0:01  Probe  
  13  0:13  Probe  
  14  0:18  Pylon  
  14  0:25  Probe  
  15  0:37  Gateway  
  15  0:39  Probe (Chrono Boost)  
  17  0:50  Probe (Chrono Boost)  
  17  0:55  Probe (Chrono Boost)  
  18  1:01  Assimilator  
  18  1:05  Probe  
  18  1:08  Assimilator  
  19  1:17  Probe  
  20  1:25  Cybernetics Core  
  20  1:29  Probe (Chrono Boost)  
  22  1:40  Probe (Chrono Boost)  
  22  1:49  Gateway  
  22  1:50  Gateway  
  22  1:57  Pylon  
  22  1:59  Warp Gate (Chrono Boost)  
  22  2:15  Stalker, Pylon  
  24  2:37  Stalker x2  
  28  2:45  Twilight Council  
  28  2:52  Stalker  
  30  3:15  Stalker x2  
  30  3:19  Blink (Chrono Boost)  
  34  3:28  Stalker  
  36  4:00  Stalker  
  38  4:09  Pylon  
  38  4:12  Pylon  
  38  4:23  Pylon  
  38  4:40  Pylon  
  38  4:50  Zealot x3  
  27  5:34  Stalker x2  
  27  5:35  Stalker  
  27  5:46  Robotics Facility  
  27  5:55  Pylon, Nexus  
  27  5:58  Stalker x2  
  30  6:24  Stalker  
  32  6:26  Stalker  
  32  6:27  Stalker  
  34  6:46  Immortal (Chrono Boost)  
  36  6:56  Stalker  
  34  7:24  Stalker  
  34  7:25  Stalker x2  
  40  7:38  Probe x2  
  42  7:48  Stalker  
  42  7:50  Probe (Chrono Boost)  
  46  7:55  Probe (Chrono Boost)  
  46  8:01  Probe (Chrono Boost), Shield Battery  
  47  8:08  Observer (Chrono Boost)  
  48  8:17  Probe x2  
  50  8:23  Sentry  
  50  8:24  Sentry  
  54  8:29  Probe (Chrono Boost)  
  56  8:34  Probe (Chrono Boost)  
  56  8:40  Probe (Chrono Boost)  
  57  8:43  Probe (Chrono Boost)  
  58  8:54  Stalker x3  
  64  9:02  Gateway  
  64  9:09  Pylon  
  64  9:13  Pylon  
  64  9:30  Stalker  
  64  9:31  Stalker x2  
  68  9:34  Warp Prism (Chrono Boost)  
  67  10:25  Stalker x2  
  67  10:26  Stalker x2  
  75  10:33  Observer (Chrono Boost)  
  76  10:50  Stalker x2  
  76  10:51  Stalker  
  68  11:33  Pylon  
  68  11:37  Pylon  
  68  11:40  Pylon  
  68  11:43  Forge  
  68  12:05  Robotics Facility  
  68  12:09  Assimilator  
  68  12:12  Assimilator  
  68  12:16  Stalker x4  
  68  12:22  Photon Cannon  
  74  12:25  Photon Cannon  
  74  12:29  Photon Cannon  
  63  12:39  Probe  
  64  12:45  Photon Cannon  
  64  12:47  Photon Cannon  
  65  12:51  Probe  
  65  12:59  Observer (Chrono Boost)  
  65  13:00  Stalker  
  65  13:01  Stalker x3  
  65  13:02  Protoss Ground Weapons Level 1 (Chrono Boost)  
  65  13:03  Probe  
  75  13:15  Probe  
  75  13:19  Immortal  
  80  13:25  Stalker x4  
  88  13:31  Probe (Chrono Boost)  
  89  13:41  Probe (Chrono Boost)  
  90  13:46  Probe (Chrono Boost)  
  91  13:50  Gateway  
  91  13:52  Gateway  
  91  13:57  Probe  
  92  14:09  Probe  
  93  14:33  Pylon  
  93  14:35  Pylon  
Show
View Real Time Build Order
Export as new Build Order

Akuzatif Zerg 

Build Orders: Hatch First 

Get SALT Encoding   

  12  0:01  Drone  
  13  0:09  Drone  
  14  0:25  Overlord  
  14  0:44  Drone x3  
  17  0:57  Hatchery  
  16  1:01  Drone  
  17  1:13  Spawning Pool  
  16  1:20  Drone  
  16  1:22  Extractor  
  16  1:23  Drone  
  17  1:28  Drone  
  18  1:39  Overlord  
  18  2:09  Queen  
  18  2:15  Queen  
  22  2:16  Drone x4  
  26  2:25  Drone  
  27  2:43  Overlord  
  27  2:46  Extractor  
  27  2:48  Metabolic Boost  
  26  2:55  Roach Warren  
  26  2:56  Drone  
  26  2:57  Drone x4  
  30  3:05  Zergling x2  
  31  3:11  Zergling x2  
  32  3:12  Overlord  
  32  3:17  Overlord  
  32  3:21  Zergling x2  
  32  3:22  Zergling x4  
  32  3:26  Overlord  
  35  3:32  Drone x2  
  37  3:42  Lair  
  37  3:45  Zergling x2  
  37  3:48  Drone  
  40  4:02  Zergling x2  
  40  4:03  Zergling x10  
  45  4:33  Roach x4  
  45  4:34  Roach x2  
  45  4:38  Roach  
  59  4:39  Overlord  
  59  4:45  Overlord  
  59  4:52  Zergling x4  
  59  5:03  Roach x2  
  63  5:16  Roach x2  
  61  5:36  Roach x3  
  61  5:37  Roach  
  61  5:40  Drone x2  
  71  5:50  Drone x2  
  70  6:12  Roach x2  
  73  6:30  Roach x2  
  67  6:52  Drone x5  
  64  7:01  Ravager  
  64  7:02  Ravager  
  64  7:03  Ravager  
  60  7:19  Roach  
  60  7:20  Roach x4  
  60  7:27  Roach  
  60  7:29  Glial Reconstitution  
  62  7:37  Extractor  
  62  7:39  Hydralisk Den  
  62  7:41  Roach x2  
  62  7:43  Evolution Chamber  
  63  7:45  Spore Crawler  
  63  7:46  Spore Crawler  
  63  7:47  Roach  
  63  7:48  Roach  
  65  7:53  Drone  
  66  7:59  Drone  
  66  8:00  Drone  
  66  8:01  Drone x2  
  70  8:14  Drone x4  
  70  8:15  Drone  
  70  8:18  Extractor  
  70  8:19  Grooved Spines  
  74  8:27  Overlord x2  
  74  8:28  Overseer  
  73  8:45  Hydralisk x2  
  73  8:46  Hydralisk x4  
  73  8:47  Hatchery  
  84  8:50  Zerg Missile Weapons Level 1  
  84  8:54  Evolution Chamber  
  83  9:00  Drone x4  
  87  9:06  Overseer  
  87  9:12  Spore Crawler  
  87  9:15  Drone x5  
  87  9:16  Spore Crawler, Drone  
  91  9:19  Zerg Ground Armor Level 1  
  91  9:23  Overlord  
  91  9:27  Spore Crawler, Overlord  
  90  9:42  Hydralisk x4  
  90  9:43  Hydralisk x2  
  100  9:48  Extractor  
  100  9:49  Overlord  
  99  9:59  Queen  
  101  10:00  Drone x2  
  101  10:01  Drone x6  
  49  13:40  Hatchery  
  48  13:51  Hatchery  
  47  13:59  Hatchery  
Show
View Real Time Build Order
Export as new Build Order

Slam Protoss 

Build Orders:  

Get SALT Encoding   

  12  0:01  Probe (Chrono Boost)  
  13  0:10  Probe (Chrono Boost)  
  14  0:15  Probe (Chrono Boost)  
  15  0:30  Pylon  
  15  0:35  Assimilator  
  15  0:48  Probe  
  16  0:54  Gateway  
  16  1:00  Probe (Chrono Boost)  
  17  1:06  Assimilator  
  17  1:12  Probe (Chrono Boost)  
  17  1:16  Pylon  
  18  1:21  Forge  
  18  1:27  Probe  
  19  1:43  Cybernetics Core  
  19  1:45  Probe  
  20  1:57  Probe  
  20  1:59  Pylon  
  21  2:16  Probe (Chrono Boost), Photon Cannon  
  22  2:25  Pylon  
  22  2:32  Stalker  
  24  2:44  Photon Cannon  
  24  2:50  Warp Gate (Chrono Boost)  
  24  2:58  Shield Battery  
  24  3:04  Pylon  
  24  3:12  Stalker  
  26  3:28  Pylon  
  26  3:33  Shield Battery  
  26  3:40  Stargate  
  26  3:43  Probe  
  27  3:50  Stalker  
  29  4:27  Nexus  
  29  4:32  Shield Battery  
  29  4:33  Shield Battery  
  29  4:36  Pylon  
  8  5:30  Probe (Chrono Boost)  
  7  5:40  Probe (Chrono Boost)  
  9  5:43  Probe (Chrono Boost)  
  9  5:45  Probe (Chrono Boost)  
  10  5:53  Probe  
  10  5:56  Probe  
  12  5:58  Pylon  
  12  6:05  Probe (Chrono Boost)  
  12  6:09  Probe (Chrono Boost)  
  14  6:17  Probe (Chrono Boost)  
  16  6:19  Probe (Chrono Boost)  
  16  6:22  Probe (Chrono Boost)  
  16  6:24  Probe (Chrono Boost)  
  18  6:41  Probe (Chrono Boost)  
  18  6:42  Probe (Chrono Boost), Twilight Council  
  18  6:52  Probe x2 (Chrono Boost)  
  20  6:58  Probe  
  20  6:59  Probe  
  22  7:14  Probe x2  
  24  7:16  Gateway  
  24  7:18  Gateway  
  24  7:24  Pylon  
  24  7:26  Pylon  
  24  7:27  Probe  
  24  7:28  Probe  
  26  7:36  Dark Shrine  
  26  7:49  Robotics Facility  
  26  8:03  Gateway  
  26  8:06  Gateway  
  26  8:10  Gateway  
  26  8:15  Probe (Chrono Boost)  
  26  8:17  Probe (Chrono Boost)  
  29  8:27  Probe (Chrono Boost)  
  29  8:30  Assimilator  
  29  8:33  Pylon, Probe (Chrono Boost)  
  30  8:35  Probe (Chrono Boost)  
  30  8:39  Observer (Chrono Boost)  
  30  8:40  Probe  
  33  8:42  Probe  
  34  8:52  Probe  
  34  8:53  Warp Prism (Chrono Boost)  
  34  8:54  Stargate  
  37  9:10  Gateway  
  37  9:12  Pylon, Gateway  
  37  9:18  Shadow Stride (Chrono Boost)  
  37  9:22  Forge  
  37  9:28  Observer  
  38  9:46  Phoenix (Chrono Boost)  
  40  9:57  Dark Templar x5  
  50  10:41  Dark Templar x3  
  50  10:42  Dark Templar x2  
  60  11:38  Observer  
  52  12:13  Dark Templar x5  
  58  12:49  Dark Templar x5  
  60  12:55  Probe  
  60  12:57  Probe  
  59  13:08  Probe  
  59  13:09  Probe  
  61  13:20  Probe  
  61  13:21  Probe  
  63  13:31  Pylon  
  63  13:32  Probe  
  63  13:33  Probe  
  63  13:34  Pylon  
  63  13:44  Probe, Gateway x4  
  63  13:45  Phoenix (Chrono Boost), Probe  
  63  13:46  Gateway  
  67  13:49  Gateway  
  67  13:56  Probe  
  67  13:57  Probe  
  69  14:04  Gateway  
  69  14:08  Probe  
  69  14:09  Probe, Archon x3  
  71  14:10  Archon  
  71  14:12  Dark Templar x5  
  81  14:19  Forge  
  81  14:20  Probe  
  81  14:21  Probe, Archon x3  
  75  14:40  Dark Templar x5  
  85  14:50  Archon x2  
Tags
 
Add a new tag
Caveats
  • Supply blocks, unpowered buildings, or Contaminate may cause inaccurate times.
  • Supply counts are checked every 10 seconds.